[Event "Titled Tuesday Blitz April 25 Early 2023"]
[White "Pauly, Carlo"]
[Black "Balla, Tamas-Kristof"]
[WhiteFideId "24673269"]
[BlackFideId "1208497"]
[WhiteElo "2254"]
[BlackElo "2334"]
[Result "1-0"]
[Round "11"]
[TimeControl "180+2"]
[Date "2023.04.25"]
[WhiteClock "0:00:28"]
[BlackClock "0:00:13"]

1. d4 d5 2. c4 e6 3. Nc3 c5 4. cxd5 exd5 5. Nf3 Nc6 6. dxc5 d4 7. Na4 Bxc5 8. Nxc5 Qa5+ 9. Bd2 Qxc5 10. Rc1 Qb6 11. e3 Nf6 12. Qa4 O-O 13. Nxd4 Qxb2 14. Nxc6 bxc6 15. Qc2 Qe5 16. Bd3 Bb7 17. O-O h6 18. h3 Rad8 19. Bb4 Rfe8 20. Bc5 a5 21. Qc3 Qg5 22. Rfd1 Ne4 23. Bxe4 Rxe4 24. Qxa5 Rxd1+ 25. Rxd1 Re5 26. Qd8+ Kh7 27. Qd3+ g6 28. f4 Ba6 29. Qxa6 Qh5 30. fxe5 Qxd1+ 31. Kh2 Qd5 32. Bd6 h5 33. Qa7 h4 34. Qd4 Qxa2 35. Qxh4+ Kg7 36. Be7 g5 37. Qxg5+ Kh7 38. Bf6 1-0


[Site "https://www.chess.com"]

[Event "Titled Tuesday Blitz April 25 Early 2023"]
[White "Lehtosaari, Mauri"]
[Black "Heinemann, Josefine"]
[WhiteFideId "501999"]
[BlackFideId "12900460"]
[WhiteElo "2530"]
[BlackElo "2342"]
[Result "1/2-1/2"]
[Round "11"]
[TimeControl "180+2"]
[Date "2023.04.25"]
[WhiteClock "0:00:07"]
[BlackClock "0:00:12"]

1. d4 d5 2. Nf3 c6 3. Bg5 h6 4. Bh4 Qb6 5. Qc1 g5 6. Bg3 Bg7 7. e3 Nd7 8. c4 Ngf6 9. Nc3 O-O 10. h3 Re8 11. Be2 Ne4 12. Nxe4 dxe4 13. Nd2 e5 14. c5 Qa5 15. O-O exd4 16. Nb3 Qb4 17. exd4 Nf6 18. Bc4 Be6 19. Bxe6 Rxe6 20. Be5 Nd5 21. Bxg7 Kxg7 22. Qc2 Rae8 23. a3 Qb5 24. Rae1 Nf4 25. Re3 Nd5 26. Re2 Qd3 27. Rfe1 Qxc2 28. Rxc2 f5 29. Nc1 f4 30. Ne2 Kg6 31. Nc3 Kf5 32. Nxd5 cxd5 33. b4 h5 34. b5 g4 35. a4 gxh3 36. gxh3 Rg8+ 37. Kh1 Rc8 38. Rg1 Rg6 39. Rxg6 Kxg6 40. Kg2 Kf5 41. a5 Ke6 42. Kf1 Kd7 43. Ke2 Rg8 44. c6+ bxc6 45. Rxc6 Rg2 46. Kf1 Rh2 47. Rc5 Kd6 48. Rc6+ Kd7 49. Rc5 Ke6 50. Rc6+ Kf5 51. Rd6 f3 52. Rxd5+ Kf4 53. Kg1 Rg2+ 54. Kf1 Rh2 55. Kg1 Rg2+ 56. Kf1 Rh2 1/2-1/2


[Site "https://www.chess.com"]

[Event "Titled Tuesday Blitz April 25 Early 2023"]
[White "Herman, Daniel"]
[Black "feuervogel1000000"]
[WhiteFideId "30935008"]
[WhiteElo "1897"]
[BlackElo "2442"]
[Result "0-1"]
[Round "11"]
[TimeControl "180+2"]
[Date "2023.04.25"]
[WhiteClock "0:00:01"]
[BlackClock "0:00:03"]

1. d4 Nf6 2. Bf4 e6 3. e3 b6 4. Qf3 c6 5. c4 d5 6. Nc3 Nbd7 7. cxd5 exd5 8. Bd3 Bb7 9. Nh3 Be7 10. O-O O-O 11. Rac1 Rc8 12. Bg3 a6 13. Nf4 Re8 14. a3 Nf8 15. Nh5 Nxh5 16. Qxh5 Bf6 17. b4 g6 18. Qf3 h5 19. h3 Ne6 20. Na4 Ng5 21. Qf4 Be7 22. Rc2 Bf8 23. Rfc1 Bh6 24. Qd6 Qxd6 25. Bxd6 b5 26. Nc5 Ba8 27. Nxa6 Ne6 28. Be5 Bf8 29. Bxb5 Bb7 30. Bd3 Ra8 31. b5 cxb5 32. Bxb5 Bxa6 33. Bxe8 Rxe8 34. Rc6 Bc4 35. a4 Ra8 36. Ra1 Bb5 37. Rb6 Rxa4 38. Rc1 Bc4 39. Rb8 Kh7 40. Rcb1 g5 41. Rc8 Be7 42. Rbb8 Kg6 43. Rg8+ Kf5 0-1


[Site "https://www.chess.com"]

[Event "Titled Tuesday Blitz April 25 Early 2023"]
[White "Ronka, Erik"]
[Black "Gurevich, Dmitry"]
[WhiteFideId "505080"]
[BlackFideId "2000407"]
[WhiteElo "2264"]
[BlackElo "2506"]
[Result "0-1"]
[Round "11"]
[TimeControl "180+2"]
[Date "2023.04.25"]
[WhiteClock "0:00:10"]
[BlackClock "0:00:57"]

1. b4 d5 2. Bb2 Qd6 3. a3 a5 4. b5 Nf6 5. Nf3 g6 6. e3 Bg7 7. Be2 O-O 8. O-O b6 9. a4 Bb7 10. d3 c5 11. Nbd2 Nbd7 12. c4 e5 13. cxd5 Nxd5 14. Nc4 Qc7 15. Qb3 Rfe8 16. Rfd1 Rad8 17. Rac1 Nb4 18. Ba3 h6 19. Ne1 Nf6 20. Bf3 Bxf3 21. Nxf3 e4 22. dxe4 Nxe4 23. h3 Nc3 24. Rxd8 Rxd8 25. Re1 Rd3 26. Qb2 Nxa4 27. Qc1 Rc3 28. Qd1 Nc2 29. Re2 Nxa3 30. Qxa4 Nxc4 0-1


[Site "https://www.chess.com"]

[Event "Titled Tuesday Blitz April 25 Early 2023"]
[White "Mazurkiewicz, Michal"]
[Black "Rodchenkov, Sergey D."]
[WhiteFideId "1124943"]
[BlackFideId "4168712"]
[WhiteElo "2054"]
[BlackElo "2277"]
[Result "0-1"]
[Round "11"]
[TimeControl "180+2"]
[Date "2023.04.25"]
[WhiteClock "0:00:04"]
[BlackClock "0:00:34"]

1. e4 c5 2. Nf3 d6 3. g3 Nf6 4. d3 g6 5. Bg2 Bg7 6. O-O O-O 7. Re1 Nc6 8. e5 dxe5 9. Nxe5 Nxe5 10. Rxe5 Ng4 11. Re1 Bd4 12. Re2 Qd6 13. c3 Bg7 14. h3 Ne5 15. Bf4 Qxd3 16. Qxd3 Nxd3 17. Rxe7 Nxf4 18. gxf4 Rb8 19. Nd2 Bf5 20. Nc4 Bh6 21. Nd6 Be6 22. f5 gxf5 23. Nxb7 Bg5 24. Rc7 c4 25. Re1 a5 26. a4 Bf4 27. Rc5 Kg7 28. Rxa5 Kf6 29. Ra6 Rg8 30. Kf1 Rxg2 31. Kxg2 Rxb7 32. Re2 Kg7 33. a5 Rd7 34. Rb6 Bc7 35. Rb5 Bd8 36. f3 Ra7 37. Rb8 Bxa5 38. Re1 Bc7 39. Rb5 Kf6 40. h4 Bf4 41. Rb6 Ra8 42. Kf2 Bb8 43. Rd1 Ba7 0-1


[Site "https://www.chess.com"]

[Event "Titled Tuesday Blitz April 25 Early 2023"]
[White "Belov, Alexei"]
[Black "Omariev, Maksim"]
[WhiteFideId "4128206"]
[BlackFideId "4193423"]
[WhiteElo "2511"]
[BlackElo "2432"]
[Result "1/2-1/2"]
[Round "11"]
[TimeControl "180+2"]
[Date "2023.04.25"]
[WhiteClock "0:01:40"]
[BlackClock "0:00:01"]

1. e4 c5 2. Nf3 d6 3. d4 cxd4 4. Nxd4 Nf6 5. Nc3 a6 6. Be2 e6 7. O-O Be7 8. f4 O-O 9. a4 Nc6 10. Be3 Qc7 11. Kh1 Re8 12. Qd2 Nxd4 13. Qxd4 e5 14. Qd3 exf4 15. Bxf4 Be6 16. Rad1 Rad8 17. Qg3 Kh8 18. e5 dxe5 19. Bxe5 Qc8 20. Ne4 Rxd1 21. Bxd1 Bf5 22. Bxf6 gxf6 23. Nd6 Bxd6 24. Qxd6 Re6 25. Qd4 Re5 26. c3 Kg7 27. h3 Bxh3 28. gxh3 Qxh3+ 29. Kg1 Qg3+ 30. Kh1 Qh3+ 31. Kg1 Qg3+ 32. Kh1 Qh3+ 1/2-1/2


[Site "https://www.chess.com"]

[Event "Titled Tuesday Blitz April 25 Early 2023"]
[White "BenchGM"]
[Black "Camacho Collados, Jose"]
[BlackFideId "2265427"]
[WhiteElo "2407"]
[BlackElo "2198"]
[Result "0-1"]
[Round "11"]
[TimeControl "180+2"]
[Date "2023.04.25"]
[WhiteClock "0:00:01"]
[BlackClock "0:00:02"]

1. d4 Nf6 2. c4 e6 3. g3 Bb4+ 4. Nd2 O-O 5. Bg2 d5 6. Nf3 dxc4 7. Qc2 c5 8. O-O cxd4 9. Nxc4 Nc6 10. Rd1 Qe7 11. a3 Bc5 12. b4 Bb6 13. b5 Na5 14. Nxb6 axb6 15. a4 e5 16. Ba3 Qe6 17. Bxf8 Kxf8 18. Qc7 Nb3 19. Rab1 Nc5 20. Qxe5 Qxe5 21. Nxe5 Rxa4 22. e3 Bf5 23. exd4 Bxb1 24. dxc5 Bc2 25. Rc1 bxc5 26. Rxc2 Ra1+ 27. Bf1 b6 28. Nc4 Nd5 29. Rd2 Nc3 30. Nxb6 Nxb5 31. Nd7+ Ke7 32. Nxc5 h5 33. Nb3 Rb1 34. Nd4 Nc3 35. Nf5+ Kf6 36. Ne3 Kg6 37. Kg2 Kf6 38. Nd5+ Nxd5 39. Rxd5 g6 40. Rd7 Ke6 41. Ra7 Rc1 42. Bd3 Rc3 43. Be2 Rc2 44. Bd1 Rc3 45. Ra6+ Ke7 46. h4 Rd3 47. Be2 Rc3 48. Ra4 Kf6 49. Bc4 Rc2 50. Ba2 Rc7 51. Kf3 Kg7 52. Bd5 Rc3+ 53. Kf4 Rc7 54. f3 f6 55. Rb4 Rc3 56. Rb7+ Kh6 57. Rf7 g5+ 58. hxg5+ fxg5+ 59. Kf5 Rc5 60. Ke5 h4 61. Rf6+ Kg7 62. Rf5 Kg6 63. Rf6+ Kg7 64. Rf5 Kg6 65. gxh4 gxh4 66. Rf4 h3 67. Rg4+ Kh5 68. Kd4 h2 0-1


[Site "https://www.chess.com"]

[Event "Titled Tuesday Blitz April 25 Early 2023"]
[White "Gutkin, Ilya"]
[Black "Devaev, Alexander"]
[WhiteFideId "16203470"]
[BlackFideId "4169395"]
[WhiteElo "2265"]
[BlackElo "2204"]
[Result "1-0"]
[Round "11"]
[TimeControl "180+2"]
[Date "2023.04.25"]
[WhiteClock "0:00:36"]
[BlackClock "0:00:12"]

1. e4 c6 2. d4 d5 3. Nc3 dxe4 4. Nxe4 Bf5 5. Ng3 Bg6 6. Nf3 Nd7 7. h4 h6 8. h5 Bh7 9. Bd3 Bxd3 10. Qxd3 Qc7 11. Bd2 e6 12. O-O-O Ngf6 13. Kb1 O-O-O 14. c4 c5 15. Bc3 cxd4 16. Qxd4 Bc5 17. Qd2 Nb6 18. Qe2 Na4 19. Be5 Qb6 20. Qc2 Bxf2 21. Qxa4 Bxg3 22. Bxg3 Ne4 23. Be1 Rxd1+ 24. Qxd1 Rd8 25. Qc2 f5 26. Bc3 Qc7 27. Be5 Qd7 28. a3 b6 29. Re1 Nc5 30. Nd4 Qf7 31. Nb5 Nd3 32. Re3 Nxe5 33. Rxe5 Qxh5 34. Rxe6 Rd1+ 35. Ka2 Rd7 36. Rd6 Qf7 37. Rxd7 Qxd7 38. Qxf5 Qxf5 39. Nd6+ Kd7 40. Nxf5 1-0


[Site "https://www.chess.com"]

[Event "Titled Tuesday Blitz April 25 Early 2023"]
[White "Goltseva, Ekaterina"]
[Black "Lopez Del Alamo, Antonio"]
[WhiteFideId "24173770"]
[BlackFideId "2227339"]
[WhiteElo "2200"]
[BlackElo "2175"]
[Result "1-0"]
[Round "11"]
[TimeControl "180+2"]
[Date "2023.04.25"]
[WhiteClock "0:00:34"]
[BlackClock "0:01:11"]

1. d4 Nf6 2. c4 g6 3. Nc3 Bg7 4. e4 d6 5. Nge2 O-O 6. Ng3 c5 7. d5 e6 8. Be2 exd5 9. cxd5 a6 10. a4 h5 11. Bg5 Qa5 12. O-O Re8 13. Qd2 Nh7 14. Bh4 Nd7 15. f4 Bd4+ 16. Kh1 Ndf6 17. e5 Ng4 18. Bxg4 Bxg4 19. exd6 Qb6 20. f5 Qxd6 21. Nge4 Rxe4 22. Nxe4 Qxd5 23. fxg6 fxg6 24. Nf6+ Nxf6 25. Bxf6 Bf5 26. Rad1 Bg4 27. Qh6 Bf5 28. Qg7# 1-0


[Site "https://www.chess.com"]

[Event "Titled Tuesday Blitz April 25 Early 2023"]
[White "Escanor89"]
[Black "De Souza, Cristiano Gomes"]
[BlackFideId "2151758"]
[WhiteElo "2506"]
[BlackElo "2068"]
[Result "1-0"]
[Round "11"]
[TimeControl "180+2"]
[Date "2023.04.25"]
[WhiteClock "0:00:31"]
[BlackClock "0:00:13"]

1. e4 c5 2. Nf3 d6 3. Bb5+ Bd7 4. a4 Nc6 5. O-O g6 6. Nc3 Bg7 7. d3 Nf6 8. h3 O-O 9. Be3 a6 10. Bc4 e6 11. Qd2 Be8 12. Bh6 Nd4 13. Nxd4 cxd4 14. Ne2 Qb6 15. Bxg7 Kxg7 16. a5 Qa7 17. Qb4 Rd8 18. Bb3 e5 19. f4 Bc6 20. Kh1 Qb8 21. Rf2 Nd7 22. Raf1 f6 23. c3 dxc3 24. Nxc3 Nc5 25. Bc4 Qc7 26. Qa3 Nxe4 27. dxe4 Bxe4 28. Nxe4 Qxc4 29. Nxd6 Qd5 30. fxe5 fxe5 31. Rxf8 Rxf8 32. Rxf8 Kxf8 33. Nxb7+ Kg7 34. Qe7+ Kh6 35. Qb4 Qd1+ 36. Kh2 Qc1 37. Nd6 Qf4+ 38. Qxf4+ exf4 39. b4 Kg5 40. b5 axb5 41. Nxb5 1-0


[Site "https://www.chess.com"]

[Event "Titled Tuesday Blitz April 25 Early 2023"]
[White "Ramirez, Maria Eugenia"]
[Black "Begunov, Konstantin"]
[WhiteFideId "3301680"]
[BlackFideId "4118510"]
[WhiteElo "1842"]
[BlackElo "2087"]
[Result "0-1"]
[Round "11"]
[TimeControl "180+2"]
[Date "2023.04.25"]
[WhiteClock "0:00:52"]
[BlackClock "0:00:21"]

1. e4 c5 2. c3 Nf6 3. e5 Nd5 4. g3 d6 5. exd6 e6 6. Bg2 Bxd6 7. Nf3 Nc6 8. O-O O-O 9. d4 cxd4 10. Nxd4 Nxd4 11. Qxd4 Be7 12. Nd2 Bd7 13. Ne4 Bc6 14. a3 f5 15. Nc5 Qd6 16. Nb3 Bf6 17. Qd1 Rad8 18. Nd4 Nb6 19. Be3 Bxg2 20. Kxg2 Nc4 21. Qb3 Qd5+ 22. Kg1 e5 23. Nxf5 Nxe3 24. c4 Qg2# 0-1


[Site "https://www.chess.com"]

[Event "Titled Tuesday Blitz April 25 Early 2023"]
[White "Garv Gaur"]
[Black "Putri, Regita Desyari"]
[WhiteFideId "45030839"]
[BlackFideId "7109083"]
[WhiteElo "2068"]
[BlackElo "1930"]
[Result "1-0"]
[Round "11"]
[TimeControl "180+2"]
[Date "2023.04.25"]
[WhiteClock "0:01:33"]
[BlackClock "0:00:01"]

1. Nf3 d5 2. e3 Nf6 3. b3 e6 4. Bb2 Be7 5. g3 O-O 6. Bg2 b6 7. O-O Bb7 8. d3 Nbd7 9. Nbd2 c5 10. Qe2 Rc8 11. e4 d4 12. a4 a6 13. c3 e5 14. Nc4 Qc7 15. cxd4 exd4 16. Bc1 b5 17. Bf4 Qd8 18. Nd6 Bxd6 19. Bxd6 Re8 20. axb5 axb5 21. Bh3 Ra8 22. Qc2 c4 23. bxc4 bxc4 24. Qxc4 Rxa1 25. Rxa1 Nb6 26. Qb4 Bc6 27. Bc5 Nbd7 28. Bxd4 1-0


[Site "https://www.chess.com"]

[Event "Titled Tuesday Blitz April 25 Early 2023"]
[White "Goldin, Roman"]
[Black "Sielecki, Christof"]
[WhiteFideId "2803860"]
[BlackFideId "4620437"]
[WhiteElo "2312"]
[BlackElo "2443"]
[Result "0-1"]
[Round "11"]
[TimeControl "180+2"]
[Date "2023.04.25"]
[WhiteClock "0:00:01"]
[BlackClock "0:00:51"]

1. e4 c5 2. Nf3 a6 3. c3 d5 4. exd5 Qxd5 5. d4 e6 6. Be2 cxd4 7. cxd4 Nc6 8. Nc3 Qd6 9. O-O Nf6 10. Be3 Be7 11. a3 O-O 12. b4 b5 13. Qb3 Bb7 14. Rad1 Rfd8 15. d5 exd5 16. Nd4 g6 17. Rfe1 Rac8 18. g3 Qb8 19. Bf4 Qa8 20. Nxc6 Bxc6 21. Rd4 Re8 22. Bf3 Bf8 23. Qd1 Rxe1+ 24. Qxe1 Bg7 25. Qe7 Re8 26. Qc5 Ne4 27. Bxe4 dxe4 28. Rd6 Bb7 29. Nd5 Bxd5 30. Rxd5 Rc8 31. Qd6 e3 32. Bxe3 h5 33. h4 Qc6 34. Qxc6 Rxc6 35. Bc5 Bb2 36. Rd8+ Kg7 37. Rd3 a5 38. Rb3 Bf6 39. Rd3 a4 0-1


[Site "https://www.chess.com"]

[Event "Titled Tuesday Blitz April 25 Early 2023"]
[White "Gonzalez Zamora, Juan Carlos"]
[Black "Berezin, Viktor"]
[WhiteFideId "3507548"]
[BlackFideId "14107872"]
[WhiteElo "2535"]
[BlackElo "2310"]
[Result "0-1"]
[Round "11"]
[TimeControl "180+2"]
[Date "2023.04.25"]
[WhiteClock "0:00:24"]
[BlackClock "0:00:09"]

1. e4 g6 2. d4 Bg7 3. Nc3 d6 4. Be2 Nf6 5. g4 c6 6. g5 Nfd7 7. Be3 h6 8. Qd2 hxg5 9. Bxg5 Qa5 10. O-O-O b5 11. a3 Nf6 12. e5 Nh7 13. Bf4 d5 14. h4 Bf5 15. Bd3 Bxd3 16. Qxd3 Nf8 17. Nf3 Ne6 18. Bd2 Qb6 19. Ne2 Nd7 20. Nf4 Ndf8 21. Nxe6 Nxe6 22. Rdg1 O-O-O 23. Bc3 a5 24. Kb1 b4 25. axb4 axb4 26. Bd2 Kc7 27. Qb3 Rb8 28. Rg4 Rh5 29. Rd1 Bh6 30. Bxh6 Rxh6 31. Ng5 Nxg5 32. hxg5 Rh2 33. e6 Kb7 34. Rf4 f5 35. gxf6 exf6 36. Rxf6 Ka6 37. e7 Re8 38. Re1 Rh7 39. Ree6 Rh1+ 40. Ka2 Qa5+ 41. Qa3 bxa3 42. Rxc6+ Kb7 43. Rc3 axb2+ 44. Kxb2 Rb1+ 45. Kxb1 Qxc3 0-1


[Site "https://www.chess.com"]

[Event "Titled Tuesday Blitz April 25 Early 2023"]
[White "Hirneise, Jens"]
[Black "Fan_Of_Chucky"]
[WhiteFideId "24614734"]
[WhiteElo "2345"]
[BlackElo "2424"]
[Result "0-1"]
[Round "11"]
[TimeControl "180+2"]
[Date "2023.04.25"]
[WhiteClock "0:01:15"]
[BlackClock "0:00:20"]

1. Nf3 Nf6 2. g3 g6 3. b3 Bg7 4. Bb2 d6 5. d4 O-O 6. Bg2 Nbd7 7. O-O c6 8. c4 Qc7 9. Nc3 e5 10. e3 Rd8 11. Qc2 Nf8 12. Rad1 Bf5 13. Qc1 Ne4 14. Nh4 Nxc3 15. Bxc3 Bg4 16. Rd2 Qc8 17. Qb2 exd4 18. Bxd4 Bxd4 19. Rxd4 Bh3 20. Rfd1 Bxg2 21. Nxg2 Qc7 22. Qd2 Ne6 23. Rxd6 Rxd6 24. Qxd6 Rd8 25. c5 Rxd6 26. cxd6 Qd7 27. Ne1 f6 28. h4 Nc5 29. Nf3 Ne4 30. Rd3 Nxd6 31. Kg2 c5 32. Rd5 Qc6 33. Rd1 Nf7 34. e4 Qxe4 35. Re1 Qc6 36. Re3 Ne5 37. g4 Nxg4 38. Rc3 Ne5 39. Kg3 Nxf3 40. Rxf3 b5 41. Re3 c4 42. bxc4 bxc4 43. Rc3 Qd6+ 44. f4 Qd3+ 45. Rxd3 cxd3 46. Kf3 d2 47. Ke2 Kf7 48. Kxd2 Ke6 49. Ke3 Kf5 50. Kf3 h6 51. a4 a5 52. Ke3 Kg4 53. Kd4 Kxf4 54. Kc5 g5 55. hxg5 fxg5 56. Kb5 g4 57. Kxa5 g3 58. Ka6 g2 59. a5 g1=Q 60. Kb7 Qb1+ 61. Kc7 Qh7+ 62. Kb6 Qg8 63. a6 Qa8 64. a7 h5 65. Ka6 h4 66. Kb6 h3 67. Ka6 h2 68. Kb6 h1=Q 69. Ka5 Qhb7 0-1


[Site "https://www.chess.com"]

[Event "Titled Tuesday Blitz April 25 Early 2023"]
[White "Pourkashiyan, Atousa"]
[Black "egorchess95"]
[WhiteFideId "12502014"]
[WhiteElo "2228"]
[BlackElo "2525"]
[Result "1-0"]
[Round "11"]
[TimeControl "180+2"]
[Date "2023.04.25"]
[WhiteClock "0:00:10"]
[BlackClock "0:00:25"]

1. e4 e6 2. d4 d5 3. Nd2 dxe4 4. Nxe4 Nd7 5. Nf3 Ngf6 6. Nxf6+ Nxf6 7. Bg5 Be7 8. Bd3 O-O 9. O-O b6 10. Qe2 Bb7 11. Rad1 Rc8 12. c3 Nd5 13. Bc1 Bf6 14. Qe4 g6 15. c4 Nc3 16. Qxb7 Nxd1 17. Rxd1 Bxd4 18. Be2 c5 19. Bg5 f6 20. Be3 e5 21. b3 Rf7 22. Qe4 Rd7 23. Bxd4 exd4 24. Bd3 Re7 25. Qf4 Rc6 26. h4 Kg7 27. h5 Qd6 28. Qg4 f5 29. Bxf5 Qf6 30. hxg6 hxg6 31. Nh4 Re5 32. Bxg6 Rg5 33. Qd7+ Kg8 34. Bh7+ Kf8 35. Re1 Qf7 36. Qxc6 Qxh7 37. Qf6+ Qf7 38. Qxg5 d3 39. Ng6+ Kg7 40. Ne5+ Kf8 41. Nxf7 d2 42. Qe7+ Kg7 43. Rd1 Kg8 44. Ne5 1-0


[Site "https://www.chess.com"]

[Event "Titled Tuesday Blitz April 25 Early 2023"]
[White "Toktomushev, Teimur"]
[Black "Bilan, Danila"]
[WhiteFideId "14176726"]
[BlackFideId "24161918"]
[WhiteElo "2116"]
[BlackElo "2182"]
[Result "0-1"]
[Round "11"]
[TimeControl "180+2"]
[Date "2023.04.25"]
[WhiteClock "0:00:10"]
[BlackClock "0:00:16"]

1. d4 d5 2. c4 c6 3. Nc3 Nf6 4. e3 e6 5. Nf3 Nbd7 6. Qc2 Bd6 7. Bd3 dxc4 8. Bxc4 e5 9. O-O O-O 10. h3 Qe7 11. Bb3 h6 12. Nh4 Nb6 13. Ng6 Qc7 14. Nxf8 Kxf8 15. dxe5 Bxe5 16. e4 Bd7 17. Be3 Re8 18. Rae1 Qc8 19. f4 Bxc3 20. Bc5+ Kg8 21. bxc3 Be6 22. Bxb6 axb6 23. e5 Bxb3 24. axb3 Nd5 25. c4 Nb4 26. Qd2 c5 27. f5 Nc6 28. Qf4 Qd8 29. f6 Qd4+ 30. Qxd4 Nxd4 31. Re3 g5 32. h4 Kh7 33. hxg5 hxg5 34. Rh3+ Kg6 35. Re3 Nc6 36. Rfe1 Re6 37. Kf2 Kf5 38. Rf3+ Kg6 39. Rfe3 Nd4 40. Ra1 Nc2 41. Ra7 Nxe3 42. Kxe3 Rxe5+ 43. Kf3 Rf5+ 44. Kg3 Rxf6 45. Rxb7 Rd6 46. Kh2 f6 47. Rb8 Kf5 48. Kg3 Ke5 49. Kf2 Kd4 50. Re8 Kc3 51. Re3+ Kc2 52. Rf3 Rd2+ 53. Kg3 Rd3 54. Kg4 Rxf3 55. gxf3 Kxb3 56. Kf5 Kxc4 57. Kxf6 b5 58. Kxg5 b4 59. f4 b3 60. f5 b2 61. f6 b1=Q 62. f7 Qf1 63. Kg6 Qxf7+ 64. Kxf7 Kd3 65. Kf6 c4 0-1


[Site "https://www.chess.com"]

[Event "Titled Tuesday Blitz April 25 Early 2023"]
[White "Inepton_Fermion"]
[Black "Lorenzo De La Riva, Lazaro"]
[BlackFideId "2268809"]
[WhiteElo "2353"]
[BlackElo "2294"]
[Result "1-0"]
[Round "11"]
[TimeControl "180+2"]
[Date "2023.04.25"]
[WhiteClock "0:00:19"]
[BlackClock "0:00:12"]

1. e4 c6 2. d4 d5 3. Nc3 dxe4 4. Nxe4 Nf6 5. Nxf6+ exf6 6. Bd3 Bd6 7. c3 O-O 8. Qc2 Re8+ 9. Ne2 h5 10. Be3 Nd7 11. O-O-O Nf8 12. h3 Be6 13. Nf4 Bxf4 14. Bxf4 Qa5 15. b3 c5 16. dxc5 Qxc5 17. Be3 Qa5 18. Kb2 Qc7 19. Be4 a5 20. Bf3 a4 21. Bxh5 axb3 22. axb3 Ra5 23. Be2 Rea8 24. Ra1 Qe7 25. Rxa5 Rxa5 26. Ra1 Rxa1 27. Kxa1 Bd5 28. g3 Ne6 29. Kb2 Nc5 30. c4 Be6 31. Qd2 Bxh3 32. Qd4 Ne6 33. Qb6 Bg2 34. Bg4 Ng5 35. Qc5 Qxc5 36. Bxc5 Ne6 37. Be3 g6 38. b4 f5 39. Be2 Kf8 40. b5 Ke7 41. c5 Nc7 42. Kc3 Nd5+ 43. Kd4 Nxe3 44. Kxe3 g5 45. f4 f6 46. Kd4 Be4 47. Bc4 Kd7 48. Bd5 Bxd5 49. Kxd5 Ke7 50. c6 b6 51. c7 Kd7 52. c8=Q+ Kxc8 53. Ke6 Kc7 54. Kxf5 gxf4 55. gxf4 Kd6 56. Kxf6 Kc5 57. f5 Kxb5 58. Ke5 Kc4 59. f6 b5 60. f7 b4 61. f8=Q b3 62. Qc8+ Kd3 63. Qb7 Kc2 64. Qc6+ Kd2 65. Qb5 Kc3 66. Qc5+ Kd3 67. Qb4 Kc2 68. Qc4+ Kb2 69. Kd4 Ka3 70. Qa6+ Kb2 71. Kc4 Kc2 72. Qa4 Kc1 73. Qxb3 Kd2 74. Qd3+ 1-0


[Site "https://www.chess.com"]

[Event "Titled Tuesday Blitz April 25 Early 2023"]
[White "Orujov2008"]
[Black "Shvedova, Alexandra"]
[BlackFideId "54154782"]
[WhiteElo "2401"]
[BlackElo "2057"]
[Result "1/2-1/2"]
[Round "11"]
[TimeControl "180+2"]
[Date "2023.04.25"]
[WhiteClock "0:00:03"]
[BlackClock "0:00:15"]

1. e4 c5 2. Nf3 d6 3. d4 cxd4 4. Nxd4 Nf6 5. Nc3 a6 6. h3 e5 7. Nde2 h5 8. Bg5 Be6 9. Bxf6 Qxf6 10. Nd5 Qd8 11. Nec3 Nc6 12. Bc4 g6 13. O-O Bg7 14. Qd3 Nd4 15. Ne2 Nxe2+ 16. Qxe2 O-O 17. Bb3 Rc8 18. Rad1 b5 19. a4 bxa4 20. Bxa4 a5 21. Rd3 Rc4 22. Bb3 Rd4 23. Rfd1 Kh8 24. c3 Rxd3 25. Rxd3 Qb8 26. Qc2 f5 27. f3 fxe4 28. fxe4 Qa7+ 29. Kh2 Rf2 30. Qc1 Qf7 31. Rd2 Bh6 32. Rxf2 Bxc1 33. Rxf7 Bxf7 34. c4 Bxb2 35. Ba4 Kg7 36. Kg3 Bd4 37. Kf3 Be6 38. h4 Kf7 39. g3 Bg4+ 40. Kg2 Ke6 41. Nc7+ Ke7 42. Nb5 Bc5 43. Nc3 Kd8 44. Nd5 Be2 45. Bb5 Bd4 46. Nf6 Bc5 47. Nd5 Ba3 48. Nf6 Kc7 49. Nd5+ Kd8 50. Kf2 Bg4 51. Nf6 Be6 52. Ke3 Bc5+ 53. Kf3 Kc7 54. Nd5+ Kb7 55. Nf6 Bd4 56. Kg2 Bc5 57. Nd5 Bd4 58. Kf3 1/2-1/2


[Site "https://www.chess.com"]

[Event "Titled Tuesday Blitz April 25 Early 2023"]
[White "Prudnykova, Olga"]
[Black "Sonnenschein, Philipp"]
[WhiteFideId "14121093"]
[BlackFideId "16250877"]
[WhiteElo "2113"]
[BlackElo "2224"]
[Result "1-0"]
[Round "11"]
[TimeControl "180+2"]
[Date "2023.04.25"]
[WhiteClock "0:00:14"]
[BlackClock "0:00:29"]

1. e4 c6 2. d4 d5 3. exd5 cxd5 4. c4 Nf6 5. Nc3 g6 6. cxd5 Bg7 7. Qb3 O-O 8. Be2 Qb6 9. Qxb6 axb6 10. Nf3 Na6 11. O-O Nc7 12. Bc4 Rd8 13. Re1 Kf8 14. Bg5 b5 15. Bxb5 Ncxd5 16. Bc4 Nxc3 17. bxc3 Ra3 18. Bb3 Bf5 19. Rad1 Ne4 20. Bxe7+ Kxe7 21. Nd2 Kf8 22. Nxe4 Rc8 23. c4 Rd8 24. d5 Raa8 25. h3 h5 26. c5 Ra5 27. Rc1 Bd4 28. c6 bxc6 29. dxc6 Re5 30. Ng3 Bc8 31. Rxe5 Bxe5 32. Ne4 f5 33. Nc5 Rd2 34. Rd1 Rxd1+ 35. Bxd1 Bd4 36. Nb3 Bb6 37. Nd2 Ke7 38. Bb3 Kd6 39. Bf7 g5 40. Nc4+ Kxc6 41. Nxb6 Kxb6 42. Bxh5 Ka5 43. Bf7 Kb4 44. Bb3 Kc3 45. g3 Kd4 46. h4 gxh4 47. gxh4 Ke5 48. Kh2 Kf4 49. Bf7 Kg4 50. h5 Kg5 51. Kg3 Bb7 52. f4+ Kh6 53. a4 Kg7 54. Bg6 Be4 55. a5 Kh6 56. Kf2 Kg7 57. Ke3 Kf6 58. Kd4 Bg2 59. Kc5 Bf1 60. Kb6 Kg7 61. a6 1-0


[Site "https://www.chess.com"]

[Event "Titled Tuesday Blitz April 25 Early 2023"]
[White "Fuzesabonyilaci"]
[Black "Rios Escobar, Adan"]
[BlackFideId "3403645"]
[WhiteElo "2322"]
[BlackElo "2497"]
[Result "1-0"]
[Round "11"]
[TimeControl "180+2"]
[Date "2023.04.25"]
[WhiteClock "0:00:54"]
[BlackClock "0:00:02"]

1. e4 c5 2. Nf3 d6 3. d4 cxd4 4. Nxd4 Nf6 5. Nc3 a6 6. Bg5 Nbd7 7. f4 g6 8. Qf3 Bg7 9. O-O-O O-O 10. Nd5 h6 11. Bh4 Nxd5 12. exd5 Nf6 13. h3 Qa5 14. Bc4 Bd7 15. Be1 Qc7 16. Bb3 a5 17. a3 a4 18. Ba2 b5 19. g4 Rfc8 20. Bc3 b4 21. Bxb4 Nxg4 22. hxg4 Bxd4 23. c4 Bg7 24. Rd2 Rcb8 25. Bc3 f6 26. Re1 Be8 27. Rde2 Bf8 28. g5 hxg5 29. fxg5 f5 30. Qh3 1-0


[Site "https://www.chess.com"]

[Event "Titled Tuesday Blitz April 25 Early 2023"]
[White "Bueno, Alfeu Junior Varela"]
[Black "Shimelkov, Vasiliy"]
[WhiteFideId "2108879"]
[BlackFideId "13701630"]
[WhiteElo "2175"]
[BlackElo "2073"]
[Result "0-1"]
[Round "11"]
[TimeControl "180+2"]
[Date "2023.04.25"]
[WhiteClock "0:00:02"]
[BlackClock "0:00:43"]

1. e4 c5 2. Nc3 e6 3. f4 Nc6 4. Bb5 Nge7 5. Nf3 a6 6. Bxc6 Nxc6 7. d3 d5 8. O-O Be7 9. Qe1 O-O 10. Qg3 Nd4 11. Qf2 Nxf3+ 12. Qxf3 b5 13. f5 d4 14. Ne2 e5 15. Kh1 Bb7 16. Ng3 f6 17. Nh5 Rf7 18. Qg4 Rc8 19. Rf3 c4 20. Rh3 Bf8 21. Qh4 cxd3 22. cxd3 h6 23. Qg4 Kh8 24. Rg3 Rfc7 25. Bxh6 g5 26. fxg6 Bxh6 27. g7+ Bxg7 28. h4 Qf8 29. Kh2 Qf7 30. Rf1 Rg8 31. Qf5 Bc8 32. Qf3 Bh6 33. Nxf6 Rxg3 34. Qxg3 Rc6 35. Ng4 Qxf1 36. Nxh6 Rxh6 37. Qxe5+ Qf6 0-1


[Site "https://www.chess.com"]